 Dungeon Crawl Stone Soup version 0.27-a0-1612-gde56a17b89 (webtiles) character file.

Game seed: 13121839201721961865

2 Zonian the Grave Robber (level 1, 0/9 HPs)
             Began as a Vine Stalker Necromancer on July 22, 2021.
             Slain by a quokka (2 damage)
             ... on level 1 of the Dungeon.
             The game lasted 00:00:29 (144 turns).

Zonian the Grave Robber (Vine Stalker Necromancer)   Turns: 144, Time: 00:00:29

Health: 0/9        AC:  2    Str: 10    XL:     1   Next: 40%
Magic:  0/4        EV: 12    Int: 15    God:
Gold:   0          SH:  0    Dex: 14    Spells: 3/4 levels left

rFire    . . .     SeeInvis .   c - +0 short sword
rCold    . . .     Faith    .   (no shield)
rNeg     . . .     Spirit   +   a - +0 robe
rPois    .         Reflect  .   (no helmet)
rElec    .         Harm     .   (no cloak)
rCorr    .         Rampage  .   (no gloves)
Will     .....                  (no boots)
Stlth    ++........             (no amulet)
HPRegen  0.03/turn              (no ring)
MPRegen  0.09/turn              (no ring)

@: no status effects
A: fangs 2, magic shield, antimagic bite, no potion heal 2
a: no special abilities


You were on level 1 of the Dungeon.
You visited 1 branch of the dungeon, and saw 1 of its levels.

Inventory:

Hand Weapons
 c - a +0 short sword (weapon)
Armour
 a - a +0 robe (worn)
Scrolls
 b - a scroll of identify {unknown}


   Skills:
 + Level 1.5 Dodging
 + Level 2.4 Stealth
 + Level 2.2 Spellcasting
 + Level 4.1 Necromancy


You had 3 spell levels left.
You knew the following spells:

 Your Spells              Type           Power      Damage    Failure   Level
a - Pain                  Necr           56%        1d6       4%          1

Your spell library contained the following spells:

 Spells                   Type           Power      Damage    Failure   Level
 Animate Skeleton         Necr           28%        N/A       4%          1
 Vampiric Draining        Necr           7%         2d7       12%         3
 Animate Dead             Necr           7%         N/A       36%         4
 Agony                    Necr           14%        N/A       73%         5


Dungeon Overview and Level Annotations

Branches:
Dungeon (1/15)

Altars:


Innate Abilities, Weirdness & Mutations

You have extremely sharp teeth.
When hurt, damage is shared between your health and your magic reserves.
Your bite disrupts and absorbs the magic of your enemies.
Potions cannot restore your health.


Message History

You puncture the kobold!
You kill the kobold!
The bat hits you but does no damage.
Things that are here:
a +0 whip; 4 stones Unknown command.
You closely miss the bat. Your bite misses the bat. The bat hits you.
The bat hits you but does no damage.
You closely miss the bat. Your bite misses the bat. The bat barely misses you.
The bat barely misses you.
You hit the bat. Your bite misses the bat.
The bat is severely wounded.
The bat hits you but does no damage. The bat closely misses you.
You closely miss the bat. Your bite misses the bat.
The bat is severely wounded.
The bat hits you but does no damage. The quokka bites you.
You closely miss the bat. Your bite misses the bat.
The bat is heavily wounded.
The bat barely misses you. The quokka bites you.
You are too injured to fight recklessly!
You are too injured to fight recklessly!
Unknown command.
Casting: Pain (safe; 4% risk of failure)
Confirm with . or Enter, or press ? or * to list all spells.
Aiming: Pain (safe; 4% risk of failure)
Press: ? - help, Shift-Dir - straight line, f - quokka
Aim: a quokka (chance to affect: 85%)
The quokka writhes in agony.
The bat misses you. The quokka bites you.
* * * LOW HITPOINT WARNING * * *
Unknown command.
The bat barely misses you. The quokka closely misses you.
Things that are here:
a +0 whip; 4 stones Unknown command.
The bat completely misses you. The bat misses you. The bat hits you.
Unknown command.
The bat closely misses you. The quokka bites you.
You die...

#########.########.#
#.........########.#
#.#######..........# #.#
#..........#
######.#######.........##
...................>....#
######.##.######.######.#
# #.##.# #r# #.# #
#.##.######@#### #.# #
#.##.#...#.b.(.# #.# #
#)##.#...#.....# #.# #
#....'...'.....# #.#
####.#...#.....# #.#
#.#...#^....# #.#
#.#...#.....# #.#
#.#...#.....# #.#
#.#...#.....# #.#


You could see a quokka and a bat.

Vanquished Creatures
  2 kobolds (D:1)
2 creatures vanquished.

Notes
Turn   | Place    | Note
-------+----------+-------------------------------------------
     0 | D:1      | Zonian the Vine Stalker Necromancer began the quest for the
                  | Orb.
     0 | D:1      | Reached XP level 1. HP: 9/9 MP: 4/4
   144 | D:1      | Slain by a quokka

Illustrated notes

Levels and vault maps discovered:
D:1:      dpeg_arrival_radiant, layout_basic, serial_bayou_ford_a,
          minmay_3d_cube

Action                   || total
-------------------------++-------
Melee: Short sword       ||     6
 Cast: Pain              ||     2
 Stab: Sleeping          ||     1
Armor: Robe              ||     4
Dodge: Dodged            ||    10

Table legend: (Time is in decaauts)
 A = Elapsed time spent in this place.
 B = Non-inter-level travel time spent in this place.
 C = Inter-level travel time spent in this place.
 D = Time resting spent in this place.
 E = Time spent auto-exploring this place.
 F = Levels seen in this place.
 G = Mean time per level.
                   A        B        C        D        E       F      G
               +--------+--------+--------+--------+--------+-----+--------+
         Total |    144 |    144 |      0 |      0 |    103 |   1 |  144.0 |
       Dungeon |    144 |    144 |      0 |      0 |    103 |   1 |  144.0 |
               +--------+--------+--------+--------+--------+-----+--------+

Top non-repeatable levels by time:
     D:1: 144 daAuts
